 Dungeon Crawl Stone Soup version 0.23.2-11-gf996548c65 (webtiles) character file.

Game seed: 14163342014083168852

159 Grohoret the Shield-Bearer (level 5, 0/45 HPs)
             Began as a Minotaur Fighter on June 6, 2019.
             Slain by a gnoll
             ... wielding a +0 halberd
              (7 damage)
             ... on level 3 of the Dungeon.
             The game lasted 00:05:56 (2664 turns).

Grohoret the Shield-Bearer (Minotaur Fighter)       Turns: 2664, Time: 00:05:57

Health: 0/45       AC:  9    Str: 25    XL:     5   Next: 17%
Magic:  4/4        EV:  6    Int:  5    God:
Gold:   168        SH: 10    Dex: 11    Spells: 4/4 levels left

rFire    . . .     SeeInvis .   a - +0 long sword
rCold    . . .     Gourm    .   c - +0 shield
rNeg     . . .     Faith    .   i - +0 chain mail
rPois    .         Spirit   .   (helmet restricted)
rElec    .         Reflect  .   (no cloak)
rCorr    .         Harm     .   (no gloves)
MR       .....                  (no boots)
Stlth    ..........             (no amulet)
HPRegen  0.15/turn              (no ring)
MPRegen  0.09/turn              (no ring)

@: mighty
A: retaliatory headbutt, horns 2
a: no special abilities


You were on level 3 of the Dungeon.
You were hungry.

You visited 1 branch of the dungeon, and saw 3 of its levels.

You collected 168 gold pieces.

Inventory:

Hand Weapons
 a - a +0 long sword (weapon)
Armour
 c - a +0 shield (worn)
 i - a +0 chain mail (worn)
Scrolls
 b - a scroll of fog {unknown}
 h - 4 scrolls of teleportation
 j - 3 scrolls of remove curse
Potions
 g - 3 potions of cancellation
Comestibles
 f - 7 rations


   Skills:
 - Level 3.6 Fighting
 * Level 4.4 Long Blades
 + Level 4.5 Armour
 * Level 5.3 Shields


You had 4 spell levels left.
You didn't know any spells.
Your spell library was empty.

Dungeon Overview and Level Annotations

Branches:
Dungeon (3/15)

Altars:

Annotations:
D:3 1 transporter, kubaf's ghost, amateur DECj


Innate Abilities, Weirdness & Mutations

You reflexively headbutt those who attack you in melee.
You have a pair of horns on your head.


Message History

The gnoll hits you from afar with a +0 spear.
You block the gnoll's attack.
You closely miss the gnoll.
The gnoll is severely wounded.
The gnoll hits you from afar with a +0 halberd!
You block the gnoll's attack. x2
You slash the gnoll!
You kill the gnoll!
The gnoll hits you from afar with a +0 spear.
The gnoll hits you from afar with a +0 halberd!
The gnoll hits you but does no damage.
You slice the worm!!
You kill the worm!
The gnoll hits you from afar with a +0 halberd!
* * * LOW HITPOINT WARNING * * *
You block the gnoll's attack. The gnoll hits you with a +0 club.
* * * LOW HITPOINT WARNING * * *
The gnoll hits you with a +0 halberd!
You die...

....... #
....... .
....... #.
.......
#.#####.......
#.....#.......
#.............
#...ggg....... #
#.###@#.......
#.#.# #.#....g..
#.#.###.#.......
#.......########
#.#.#.#####
####. #.#
.....###.######.
#......>.......
#......#######.


You could see 3 gnolls.

Vanquished Creatures
  An orc wizard (D:3)
  A gnoll (D:3)
  6 adders
  An ooze (D:2)
  2 worms
  2 leopard geckos
  4 orcs (D:3)
  A ball python (D:3)
  7 bats
  3 giant cockroaches
  5 goblins
  6 hobgoblins
  2 jackals (D:1)
  7 kobolds
  A quokka (D:2)
  3 frilled lizards
  3 rats
55 creatures vanquished.

Notes
Turn   | Place    | Note
-------+----------+-------------------------------------------
     0 | D:1      | Grohoret the Minotaur Fighter began the quest for the Orb.
     0 | D:1      | Reached XP level 1. HP: 19/19 MP: 0/0
   127 | D:1      | Reached XP level 2. HP: 20/26 MP: 1/1
   128 | D:1      | Reached skill level 4 in Shields
   837 | D:2      | Reached XP level 3. HP: 31/31 MP: 2/2
  1396 | D:2      | Reached XP level 4. HP: 16/39 MP: 3/3
  2201 | D:3      | Reached skill level 5 in Shields
  2301 | D:3      | Reached XP level 5. HP: 13/45 MP: 4/4
  2609 | D:3      | Found a transporter.
  2609 | D:3      | Noticed kubaf's ghost (amateur DECj)
  2664 | D:3      | Slain by a gnoll

Skill      XL: |  1  2  3  4 |
---------------+-------------+-----
Shields        | 4 5 |  5.3
Long Blades    | 3 4 |  4.4
Armour         | 4 |  4.5
Fighting       | |  3.6

Action                   |  1- 3 |  4- 6 || total
-------------------------+-------+-------++-------
Melee: Long sword        |    86 |    59 ||   145
       Headbutt          |    12 |    14 ||    26
  Use: Scroll            |     3 |       ||     3
       Potion            |       |     3 ||     3
  Eat: Chunk             |     2 |     3 ||     5
Armor: Scale mail        |    42 |     5 ||    47
       Chain mail        |       |    25 ||    25
Dodge: Dodged            |    25 |    17 ||    42
Block: Shield            |    48 |    32 ||    80
       Rpst.: Long sword |     4 |     3 ||     7
